 Dungeon Crawl Stone Soup version 0.31-a0-1025-g2e47921a08 (webtiles) character file.

Game seed: 6029890183416546306

2531 Anon1729 the Fighter (level 9, -8/126 HPs)
             Began as a Minotaur Monk on Nov 17, 2023.
             Killed from afar by an acid dragon (27 damage)
             ... with a splash of acid
             ... on level 7 of the Dungeon.
             The game lasted 00:04:00 (5891 turns).

Anon1729 the Fighter (Minotaur Monk)                Turns: 5891, Time: 00:04:01

Health: -8/126     AC: 12    Str: 16    XL:     9   Next: 29%
Magic:  8/8        EV:  2    Int:  7    God:
Gold:   267        SH:  5    Dex: 17    Spells: 8/8 levels left

rFire   . . .        v - +1 dagger (elec)
rCold   . . .        d - orb {light}
rNeg    . . .        u - melded +0 leather armour {rC+}
rPois   +            (helmet currently unavailable)
rElec   .            s - melded +0 cloak
rCorr   .            C - melded +1 pair of gloves
SInv    .            (boots currently unavailable)
Will    .....        y - amulet of reflection
Stlth   +            o - +5 ring of evasion
HPRegen 0.41/turn    (no ring)
MPRegen 0.11/turn

%: reflection
@: tree-form, corroded, glowing
A: stationary, stasis, torment immunity, boosted hp, (horns 2), (retaliatory
headbutt)
a: no special abilities


You were on level 7 of the Dungeon.
You were a tree.
You visited 1 branch of the dungeon, and saw 7 of its levels.

You collected 267 gold pieces.

Inventory:

Hand Weapons
 a - a +1 falchion
 v - a +1 dagger of electrocution (weapon)
Missiles
 j - a throwing net
Armour
 b - a +0 robe
 d - an orb of light (worn)
 s - a +0 cloak (melded)
 u - a +0 leather armour of cold resistance (melded)
 C - a +1 pair of gloves (melded)
 D - +0 steam dragon scales
Jewellery
 o - a +5 ring of evasion (left branch)
 y - an amulet of reflection (around neck)
Wands
 p - a wand of flame (19)
 z - a wand of acid (6)
Scrolls
 e - 2 scrolls of enchant weapon
 g - 2 scrolls of vulnerability
 h - 3 scrolls of teleportation
 l - a scroll of enchant armour
 w - a scroll of identify
 A - a scroll of fog {unknown}
 B - 3 scrolls of brand weapon {unknown}
Potions
 f - 2 potions of curing
 i - a potion of mutation {unknown}
 k - a potion of resistance {unknown}
 m - a potion of brilliance {unknown}
 q - a potion of lignification
 t - a potion of attraction {unknown}
 x - a potion of enlightenment {unknown}


   Skills:
 + Level 9.6 Fighting
 + Level 9.4 Long Blades
 + Level 8.6 Dodging


You had 8 spell levels left.
You didn't know any spells.
Your spell library contained the following spells:

 Spells                   Type           Power      Damage    Failure   Level
 Summon Small Mammal      Summ           0%         N/A       43%         1
 Ensorcelled Hibernation  Hex/Ice        0%         N/A       56%         2
 Jinxbite                 Hex            0%         N/A       56%         2
 Passwall                 Tmut/Erth      0%         N/A       56%         2
 Call Canine Familiar     Summ           0%         N/A       80%         3
 Summon Guardian Golem    Hex/Summ       0%         N/A       80%         3
 Swiftness                Air            0%         N/A       80%         3
 Anguish                  Hex/Necr       0%         N/A       99%         4


Dungeon Overview and Level Annotations

Branches:
Dungeon (7/15)
 Temple: D:4-7

Altars:
Elyvilon
Qazlal
Sif Muna
Trog
Xom


Innate Abilities, Weirdness & Mutations

You are a tree.
Your roots penetrate the ground, keeping you stationary.
You cannot be teleported.
You are immune to unholy pain and torment.
Your maximum health is greatly increased.
Your equipment is partially melded.
((You have a pair of horns on your head.))
((You reflexively headbutt those who attack you in melee.))


Message History

An acid dragon is nearby!
The acid dragon spits acid at you. The splash of acid hits you!
The acid corrodes you!
The scorpion stings you but does no damage.
You hit the scorpion but do no damage.
The scorpion is heavily wounded.
You hit the scorpion but do no damage. Lightning courses through the scorpion!
You kill the scorpion!
The gnoll hits you from afar with a +0 spear.
The acid dragon spits acid at you. The splash of acid hits you!
* * * LOW HITPOINT WARNING * * *
Aiming: Throw Flame
Press: ? - help, Shift-Dir - straight line, f - gnoll
Aim: a gnoll, wielding a +0 spear (haloed, 82% to hit)
The puff of flame hits the gnoll.
The gnoll is moderately wounded.
The gnoll hits you from afar with a +0 spear.
* * * LOW HITPOINT WARNING * * *
Aiming: Throw Flame
Press: ? - help, Shift-Dir - straight line, f/p - gnoll
Aim: a gnoll, wielding a +0 spear (moderately wounded, haloed, 82% to hit)
The puff of flame hits the gnoll.
The gnoll is moderately wounded.
The gnoll hits you but does no damage.
You hit the acid dragon but do no damage.
The acid dragon is moderately wounded.
The gnoll hits you from afar with a +0 spear.
* * * LOW HITPOINT WARNING * * *
The acid dragon bites you!
* * * LOW HITPOINT WARNING * * *
The acid dragon claws you but does no damage.
You completely miss the acid dragon.
The acid dragon is moderately wounded.
The water moccasin hisses angrily.
The gnoll hits you from afar with a +0 spear.
* * * LOW HITPOINT WARNING * * *
The acid dragon spits acid at you. The splash of acid hits you!!
You die...

....##...........#
....##....##...########
....##....##>..###....
................#..S#
................#...#
.........'...#
##.#######...#
#.####.##...####
.......†♣).......
.......)D).......
......g..........
#................
#................
#................
'................
#...........##..


You could see a water moccasin, an acid dragon (catching breath) and a gnoll.

Vanquished Creatures
  Sigmund (D:3)
  A wyvern (D:7)
  A steam dragon (D:7)
  A water moccasin (D:7)
  2 ice beasts
  2 ogres (D:4)
  A centaur (D:6)
  A kobold brigand (D:7)
  3 bullfrogs (D:6)
  A gnoll sergeant (D:5)
  6 scorpions
  5 wights (D:6)
  5 hounds
  An orc priest (D:6)
  A jelly (D:5)
  2 iguanas
  Ijyb (D:4)
  4 orc wizards
  7 gnolls
  9 adders
  3 worms
  2 dart slugs
  11 orcs
  9 ball pythons
  11 bats
  6 endoplasms
  7 goblins
  A hobgoblin (D:3)
  12 jackals
  9 kobolds
  3 quokkas
  3 frilled lizards
  4 giant cockroaches
  4 rats
140 creatures vanquished.

Vanquished Creatures (others)
  A kobold (D:7)
1 creature vanquished.

Grand Total: 141 creatures vanquished

Notes
Turn   | Place    | Note
-------+----------+-------------------------------------------
     0 | D:1      | Anon1729 the Minotaur Monk began the quest for the Orb.
     0 | D:1      | Reached XP level 1. HP: 19/19 MP: 0/0
   173 | D:1      | Reached XP level 2. HP: 23/27 MP: 1/1
   342 | D:1      | Reached XP level 3. HP: 24/33 MP: 2/2
  1256 | D:2      | Found a shimmering blue altar of Sif Muna.
  1415 | D:2      | Reached XP level 4. HP: 41/41 MP: 3/3
  1827 | D:3      | Noticed Sigmund
  1837 | D:3      | Killed Sigmund
  1838 | D:3      | Reached skill level 5 in Fighting
  1838 | D:3      | Reached skill level 5 in Long Blades
  1838 | D:3      | Reached XP level 5. HP: 21/48 MP: 4/4
  2176 | D:3      | Reached skill level 5 in Dodging
  2180 | D:3      | Found a bloodstained altar of Trog.
  2213 | D:3      | Reached XP level 6. HP: 52/57 MP: 5/5
  2445 | D:3      | Found a faded altar of an unknown god.
  2885 | D:4      | Noticed Ijyb
  2894 | D:4      | Killed Ijyb
  2955 | D:4      | Reached XP level 7. HP: 38/64 MP: 6/6
  3417 | D:4      | Found a white marble altar of Elyvilon.
  3529 | D:5      | Entered Level 5 of the Dungeon
  4365 | D:5      | Reached XP level 8. HP: 16/73 MP: 7/7
  5254 | D:6      | Found a shimmering altar of Xom.
  5614 | D:6      | Reached XP level 9. HP: 83/83 MP: 8/8
  5648 | D:6      | Found a stormy altar of Qazlal.
  5765 | D:7      | Identified the of Quututhuug
  5891 | D:7      | Killed from afar by an acid dragon

Illustrated notes

Levels and vault maps discovered:
D:1:      dpeg_arrival_erosion, layout_basic, grunt_decor_arrowhead,
          moated_statue, grunt_decor_cap, nrook_loot_triangle, minmay_vboxes
D:2:      layout_loops_corners, basic_altar, nicolae_the_louvre
D:3:      layout_loops_ring, trog_three_pillars_becter,
          hellmonk_ecumenical_altar_inner_sanctum, uniq_sigmund
D:4:      layout_gridville, nicolae_overflow_crystal_walls,
          minmay_misc_feat_tiny, uniq_ijyb
D:5:      layout_basic
D:6:      layout_cave_pools, nicolae_qazlal_eye_of_the_storm,
          mainiacjoe_overflow_boulevard
D:7:      layout_gridville, minmay_temple_entry_offerings

Skill      XL: |  1  2  3  4  5  6  7  8  9 |
---------------+----------------------------+-----
Fighting       | 4 5 6 7 9 |  9.6
Long Blades    | 4 5 6 7 8 9 |  9.4
Dodging        | 4 5 6 8 |  8.6

Action                     |  1- 3 |  4- 6 |  7- 9 || total
---------------------------+-------+-------+-------++-------
  Melee: Falchion          |    88 |    74 |    23 ||   185
         Headbutt          |    20 |    19 |    44 ||    83
         Dagger            |       |       |   162 ||   162
  Evoke: Wand              |       |       |     8 ||     8
    Use: Scroll            |       |     4 |     3 ||     7
         Potion            |       |       |     5 ||     5
 Armour: Robe              |    45 |    28 |     1 ||    74
         Leather armour    |       |       |    70 ||    70
         Skin              |       |       |    38 ||    38
  Dodge: Dodged            |    65 |    46 |   160 ||   271

Table legend: (Time is in decaauts)
 A = Elapsed time spent in this place.
 B = Non-inter-level travel time spent in this place.
 C = Inter-level travel time spent in this place.
 D = Time resting spent in this place.
 E = Time spent auto-exploring this place.
 F = Levels seen in this place.
 G = Mean time per level.
                   A        B        C        D        E       F      G
               +--------+--------+--------+--------+--------+-----+--------+
         Total |   5863 |   5549 |    314 |    313 |   4458 |   7 |  837.6 |
       Dungeon |   5863 |   5549 |    314 |    313 |   4458 |   7 |  837.6 |
               +--------+--------+--------+--------+--------+-----+--------+

Top non-repeatable levels by time:
     D:5: 1213 daAuts
     D:2: 1023 daAuts
     D:6: 994 daAuts
     D:4: 900 daAuts
     D:3: 821 daAuts
     D:1: 794 daAuts
     D:7: 116 daAuts
